 Dungeon Crawl Stone Soup version 0.19.1 (webtiles) character file.

92850 Dfrag the Destroyer (level 15, 0/114 HPs)
             Began as a Demonspawn Fire Elementalist on Nov 27, 2016.
             Was the Champion of Makhleb.
             Killed by vampiric draining
             ... invoked by a vampire
              (9 damage)
             ... while paralysed by a floating eye
             ... on level 15 of the Dungeon on Nov 28, 2016.
             The game lasted 01:24:49 (26826 turns).

Dfrag the Destroyer (Demonspawn Fire Elementalist) Turns: 26826, Time: 01:24:50

Health: 0/114      AC: 10    Str: 14 (16) XL:     15   Next: 59%
Magic:  24/56      EV:  2    Int: 21      God:    Makhleb [******]
Gold:   1404       SH:  0    Dex: 11 (13) Spells: 6 memorised, 22 levels left

rFire  + . .     SeeInvis +     o - staff of power
rCold  x . .     Gourm    .     s - +0 robe of Leapfrog {*Drain rElec rPois Str+3}
rNeg   . . .     Faith    +     (no shield)
rPois  +         Spirit   .     M - +2 helmet {SInv}
rElec  +         Reflect  .     G - +0 cloak
rCorr  .         Harm     .     D - +2 pair of gloves
MR     +....     Clarity  +     V - +1 pair of boots {run}
Stlth  +++.......               m - amulet of faith
                                p - ring of magical power
                                W - ring of fire

@: paralysed, studying 3 skills, repel missiles, quick
A: hooves 2, repulsion field 3, camouflage 1, clarity, deformed body, demonic
guardian 1, powered by death 2, strong 1
a: Minor Destruction, Lesser Servant of Makhleb, Major Destruction, Greater
Servant of Makhleb, Renounce Religion


You were on level 15 of the Dungeon.
You worshipped Makhleb.
Makhleb was exalted by your worship.
You were not hungry.

You visited 4 branches of the dungeon, and saw 24 of its levels.
You also visited: Labyrinth, Sewer and Ice Cave.

You collected 2305 gold pieces.
You spent 901 gold pieces at shops.

Inventory:

Hand Weapons
 T - the +8 bow of Krishna "Sharnga" {speed, Dex+3 SInv}
   (You found it on level 14 of the Dungeon)

   Attacks with this weapon are significantly faster.
   It affects your dexterity (+3).
   It lets you see invisible.
Missiles
 J - 437 arrows
Armour
 k - a +2 robe of fire resistance
 s - the +0 robe of Leapfrog (worn) {*Drain rElec rPois Str+3}
   (You found it on level 1 of the Lair of Beasts)

   It affects your strength (+3).
   It insulates you from electricity.
   It protects you from poison.
   It causes draining when unequipped.
 D - a +2 pair of gloves (worn)
 G - a +0 cloak (worn)
 M - a +2 helmet of see invisible (worn)
 V - a +1 pair of boots of running (worn)
Magical Staves
 o - an uncursed staff of power (weapon)
Jewellery
 m - an amulet of faith (around neck)
 p - a ring of magical power (right hand)
 L - an uncursed ring of wizardry
 W - a ring of fire (left hand)
 Z - a +2 ring of intelligence
Wands
 i - a wand of heal wounds (4/9)
 H - a wand of iceblast (5/15)
 P - a wand of digging (20/24)
Scrolls
 e - 4 scrolls of magic mapping
 f - 2 scrolls of blinking
 h - a scroll of fear
 j - 5 scrolls of amnesia
 n - 6 scrolls of enchant armour
 r - 11 scrolls of teleportation
 w - 4 scrolls of remove curse
 y - 4 scrolls of fog
 I - a scroll of brand weapon
 N - a scroll of identify
 Q - 4 scrolls of immolation
 R - 3 scrolls of enchant weapon
 X - a scroll of summoning
Potions
 b - 2 potions of magic
 d - a potion of might {unknown}
 g - 6 potions of curing
 l - 3 potions of agility
 v - 6 potions of heal wounds
 x - 2 potions of haste {unknown}
 A - 2 potions of berserk rage {unknown}
 B - 4 potions of flight
 C - 2 potions of mutation {unknown}
 E - 7 potions of ambrosia {unknown}
 F - 2 potions of resistance {unknown}
 K - 4 potions of brilliance {unknown}
Books
 t - a book of Conjurations

   Spells                             Type                      Level
   a - Magic Dart                     Conjuration                  1
   b - Searing Ray                    Conjuration                  2
   c - Dazzling Spray                 Conjuration/Hexes            3
   d - Fulminant Prism                Conjuration/Hexes            4
   e - Iskenderun's Mystic Blast      Conjuration                  4
   f - Iskenderun's Battlesphere      Conjuration/Charms           5
 u - a manual of Conjurations
 S - a manual of Staves
 Y - a manual of Shields
Comestibles
 a - 5 chunks of flesh
 c - 9 bread rations
 q - 8 meat rations
 z - 30 fruits
 U - 5 slices of pizza


   Skills:
 - Level 9.6 Fighting
 + Level 3.3 Bows
 - Level 1.7 Dodging
 - Level 1.7 Stealth
 - Level 13.0 Spellcasting
 - Level 14.0 Conjurations
 - Level 13.0 Fire Magic
 + Level 12.9 Invocations


You had 22 spell levels left.
You knew the following spells:

 Your Spells              Type           Power        Failure   Level  Hunger
a - Flame Tongue          Conj/Fire      #####        1%          1    None
b - Mephitic Cloud        Conj/Pois/Air  ####....     2%          3    None
c - Conjure Flame         Conj/Fire      #######.     1%          3    None
d - Sticky Flame          Conj/Fire      #######.     1%          4    None
e - Fireball              Conj/Fire      #######...   1%          5    ####...
f - Blink                 Tloc           N/A          10%         2    None


Dungeon Overview and Level Annotations

Branches:
Dungeon (15/15)            Temple (1/1) D:4            Lair (6/6) D:10
 Shoals (0/4) Lair:4        Snake (0/4) Lair:2        Slime (0/5) Lair:6
    Orc (2/2) D:12            Elf (0/3) Orc:2        Vaults (0/5) D:14
 Depths: D:15

Altars:
Ashenzari
Cheibriados
Dithmenos
Elyvilon
Fedhas
Gozag
Hepliaklqana
Kikubaaqudgha
Makhleb
Nemelex Xobeh
Okawaru
Qazlal
Ru
Sif Muna
Trog
Uskayaw
Vehumet
Xom
Yredelemnul
Zin
The Shining One

Shops:
D:14 [?*}   Orc:2 ?[(*[

Annotations:
D:4 taxman66's ghost, amateur MiFi
D:10 Gastronok


Innate Abilities, Weirdness & Mutations

You have hoof-like feet.
You are surrounded by a strong repulsion field. (EV +4, RMsl)
A weak demonic guardian rushes to your aid.
You regenerate health from kills.
Your skin changes colour to match your surroundings (Stealth+).
You possess an exceptional clarity of mind.
Armour fits poorly on your strangely shaped body.
Your muscles are strong. (Str +2)


Message History

Unknown command.
The vampire burns!
The vampire burns!
The vampire burns!
The vampire burns!
The floating eye gazes piercingly through you!
You suddenly lose the ability to move!
The vampire burns!
The vampire stops burning.
The tengu warrior hits you with a great mace of protection!!
The tengu warrior pecks you. The tengu warrior barely misses you.
The floating eye's view fixates on you. The vampire hits you.
The vampire completely misses you.
The tengu warrior hits you with a great mace of protection!!
* * * LOW HITPOINT WARNING * * *
The tengu warrior pecks you.
* * * LOW HITPOINT WARNING * * *
The tengu warrior claws you.
* * * LOW HITPOINT WARNING * * *
The vampire is infused with unholy energy.
You die...

'.......# #........
'.#...... ##...#....
#######......#..
#<.)=#.........#
#)!..#..........
##.<)'..........
#####..##@.........
#_.###+#VQG†..#.... ####
#.)..#.......#.....
##...
#....+.p........#+#
#.... #...##.)..#.....#
#.... ###'#....#......#
...##.G.(...#.≈≈....#
..#+#'#.......#.≈≈≈..###
.......)........≈≈≈.##


You could see a vault guard, a tengu warrior, a vampire and a floating eye.

Vanquished Creatures
  A tengu reaver (D:14)
  A dire elephant (Lair:6)
  A minotaur (Lab)
  4 hydras
  2 vault guards
  2 catoblepae
  7 centaur warriors
  3 death yaks (Lair:6)
  A deep troll shaman (Lair:6)
  Urug (Lair:5)
  2 tengu warriors (D:14)
  4 skeletal warriors
  3 hill giants
  An unseen horror (D:13)
  Pikel (D:8)
  A wolf spider zombie (D:14)
  2 ugly things (D:15)
  2 cyclopes
  2 deep elf magi
  A manticore (D:12)
  Joseph (D:7)
  6 black mambas
  14 elephants
  A gargoyle (D:12)
  A torpor snail (Lair:6)
  A guardian serpent (D:15)
  2 ice statues (IceCv)
  5 spiny frogs
  2 rime drakes
  8 komodo dragons
  A kobold demonologist (D:14)
  An efreet (D:13)
  10 ice devils (IceCv)
  4 yaktaurs (D:15)
  A minotaur zombie (Lab)
  16 trolls
  A meliai (shapeshifter) (D:13)
  3 polar bears
  8 slime creatures
  Prince Ribbit (D:7)
  11 dream sheep
  10 blink frogs
  13 hippogriffs
  2 redbacks (Lab)
  2 vampires
  A basilisk (Lair:3)
  3 humans
  4 wyverns
  A hog (D:10)
  2 shadows (D:14)
  Eustachio (D:6)
  3 hungry ghosts
  33 yaks
  A warg (Orc:2)
  4 vampire mosquitoes (D:13)
  29 water moccasins
  Duvessa (D:6)
  7 porcupines
  4 ice beasts
  3 phantoms
  21 orc warriors
  A sky beast (D:11)
  2 eyes of draining
  2 black bears
  8 ogres
  19 wolves
  23 centaurs
  15 crocodiles
  2 big kobolds
  19 bullfrogs
  Dowan (D:6)
  A wyvern zombie (D:9)
  9 scorpions
  64 killer bees
  26 wights
  5 electric eels
  2 howler monkeys
  6 centaur zombies
  3 bullfrog zombies
  3 crimson imps (D:10)
  2 jellies
  A hound (D:4)
  6 orc priests
  A bullfrog skeleton (D:5)
  3 iguanas
  20 orc wizards
  16 worker ants
  A hound skeleton (D:4)
  A howler monkey skeleton (D:6)
  A worker ant zombie (D:8)
  Robin (D:4)
  17 adders
  12 gnolls
  6 shadow imps
  10 white imps (IceCv)
  7 ufetubi (IceCv)
  An adder zombie (D:7)
  An adder skeleton (D:10)
  6 worms
  A dart slug (D:1)
  4 leopard geckos
  48 orcs
  2 ball pythons
  7 giant cockroaches
  11 goblins
  10 hobgoblins
  8 jackals
  21 kobolds
  A quokka (D:5)
  10 bats
  7 frilled lizards
  8 rats
  4 fungi
751 creatures vanquished.

Vanquished Creatures (collateral kills)
  The ghost of meatyocre the Brawler, a journeyman TrHu of Dithmenos (Orc:1)
  A frost giant (D:15)
  A centaur warrior (D:15)
  2 vault guards (D:14)
  A hydra (D:15)
  4 wizards (D:14)
  A necromancer (D:14)
  2 orc sorcerers (Orc:1)
  A cyclops (Orc:2)
  3 elephants
  2 spiny frogs
  A tengu conjurer (D:15)
  A troll (Orc:1)
  A two-headed ogre (D:12)
  A polar bear (Lair:6)
  A blink frog (Lair:6)
  2 slime creatures (D:12)
  A dream sheep (Lair:2)
  A wraith (D:10)
  A wyvern (D:14)
  A hog (D:10)
  16 humans (D:14)
  A warg (Orc:1)
  7 orc warriors
  2 ogres
  A scorpion (D:13)
  A killer bee (D:9)
  A wight (D:12)
  A bullfrog zombie (D:13)
  2 orc wizards
  12 orcs
74 creatures vanquished.

Vanquished Creatures (others)
  A reaper (IceCv)
  An unseen horror (D:12)
  An orc warrior (Orc:2)
  A centaur (D:8)
  A crimson imp (D:7)
  A white imp (IceCv)
  An ufetubus (IceCv)
  A quokka (D:8)
  A bush (Lair:6)
  20 fungi
  8 plants
37 creatures vanquished.

Grand Total: 862 creatures vanquished

Notes
Turn   | Place    | Note
-------+----------+-------------------------------------------
     0 | D:1      | Dfrag the Demonspawn Fire Elementalist began the quest for the Orb.
     0 | D:1      | Reached XP level 1. HP: 13/13 MP: 3/3
   278 | D:2      | Gained mutation: You are surrounded by a mild repulsion field. (EV +2) [demonic ancestry]
   278 | D:2      | Reached XP level 2. HP: 11/19 MP: 1/5
   868 | D:1      | Reached XP level 3. HP: 22/24 MP: 2/6
   908 | D:1      | Reached skill level 2 in Conjurations
  1874 | D:3      | Reached XP level 4. HP: 16/30 MP: 4/7
  2313 | D:4      | Reached skill level 3 in Conjurations
  2318 | D:4      | Noticed an ogre
  2353 | D:3      | Learned a level 4 spell: Sticky Flame
  2487 | D:4      | Killed an ogre
  2487 | D:4      | Reached XP level 5. HP: 8/35 MP: 6/9
  2558 | D:4      | Noticed Robin
  2680 | D:4      | Noticed taxman66's ghost (amateur MiFi)
  2713 | D:5      | Entered Level 5 of the Dungeon
  2801 | D:5      | Found a glowing drain.
  2806 | Sewer    | Entered a sewer
  2833 | Sewer    | Noticed a crocodile
  2852 | Sewer    | Killed a crocodile
  2852 | Sewer    | Gained mutation: You regenerate a little health from kills. [demonic ancestry]
  2852 | Sewer    | Reached XP level 6. HP: 31/41 MP: 11/11
  2984 | D:5      | Reached skill level 4 in Conjurations
  3142 | D:5      | Reached XP level 7. HP: 10/46 MP: 13/13
  3479 | D:5      | Reached skill level 5 in Fire Magic
  3865 | D:5      | Learned a level 3 spell: Mephitic Cloud
  4045 | D:5      | Learned a level 3 spell: Conjure Flame
  4106 | D:4      | Killed Robin
  4549 | D:4      | Reached skill level 5 in Conjurations
  4777 | D:4      | Found a staircase to the Ecumenical Temple.
  4805 | Temple   | Entered the Ecumenical Temple
  4843 | Temple   | Became a worshipper of Makhleb the Destroyer
  5110 | D:6      | Reached skill level 5 in Spellcasting
  5241 | D:6      | Gained mutation: You regenerate health from kills. [demonic ancestry]
  5241 | D:6      | Reached XP level 8. HP: 42/52 MP: 15/15
  5439 | D:6      | Noticed Eustachio
  5452 | D:6      | Killed Eustachio
  5545 | D:6      | Noticed Duvessa
  5545 | D:6      | Noticed Dowan
  5552 | D:6      | Killed Duvessa
  5553 | D:6      | Killed Dowan
  5556 | D:6      | Reached skill level 6 in Conjurations
  6375 | D:6      | Found a deep blue altar of Sif Muna.
  6608 | D:7      | Gained mutation: You have large cloven feet. [demonic ancestry]
  6608 | D:7      | Reached XP level 9. HP: 29/57 MP: 12/18
  6648 | D:7      | Reached * piety under Makhleb
  6739 | D:7      | Reached skill level 7 in Conjurations
  6741 | D:7      | Noticed Joseph
  6775 | D:7      | Killed Joseph
  7047 | D:7      | Noticed Prince Ribbit
  7057 | D:7      | Killed Prince Ribbit
  7341 | D:8      | Reached skill level 8 in Conjurations
  7624 | D:8      | Reached ** piety under Makhleb
  7752 | D:8      | Noticed Pikel
  7761 | D:8      | Killed Pikel
  7761 | D:8      | Gained mutation: A weak demonic guardian rushes to your aid. [demonic ancestry]
  7761 | D:8      | Reached XP level 10. HP: 59/63 MP: 21/21
  7875 | D:8      | Noticed a deep elf mage
  7882 | D:8      | Killed a deep elf mage
  8190 | D:9      | Reached skill level 9 in Conjurations
  8774 | D:8      | Reached *** piety under Makhleb
  9247 | D:9      | Learned a level 5 spell: Fireball
  9521 | D:9      | Gained mutation: You are surrounded by a moderate repulsion field. (EV +3) [demonic ancestry]
  9521 | D:9      | Reached XP level 11. HP: 68/68 MP: 16/24
  9615 | D:9      | Reached skill level 10 in Conjurations
 10015 | D:10     | Entered Level 10 of the Dungeon
 10086 | D:10     | Reached **** piety under Makhleb
 10104 | D:10     | Reached skill level 10 in Fire Magic
 10690 | D:10     | Noticed a hill giant
 10705 | D:10     | Killed a hill giant
 10752 | D:10     | Reached skill level 10 in Spellcasting
 10900 | D:10     | Found a staircase to the Lair.
 11295 | D:10     | Noticed Gastronok
 11528 | D:10     | Noticed a hill giant
 11542 | D:10     | Killed a hill giant
 11542 | D:10     | Reached skill level 11 in Conjurations
 11746 | D:11     | Reached ***** piety under Makhleb
 11769 | D:11     | Learned a level 2 spell: Blink
 12423 | D:11     | Gained mutation: You have hoof-like feet. [demonic ancestry]
 12423 | D:11     | Reached XP level 12. HP: 74/74 MP: 17/26
 12990 | D:12     | Found a staircase to the Orcish Mines.
 13002 | D:12     | Found a white marble altar of Elyvilon.
 13489 | D:13     | Found a frozen archway.
 13505 | IceCv    | Entered an ice cave
 13728 | IceCv    | Reached skill level 12 in Conjurations
 14187 | IceCv    | Noticed a reaper
 14216 | IceCv    | Killed a reaper
 14433 | D:13     | Noticed a centaur warrior
 14446 | D:13     | Killed a centaur warrior
 14626 | D:13     | Noticed a centaur warrior
 14634 | D:13     | Killed a centaur warrior
 14660 | D:13     | Found an opulent altar of Gozag.
 14796 | Lair:1   | Entered Level 1 of the Lair of Beasts
 15135 | Lair:1   | Gained mutation: You are surrounded by a strong repulsion field. (EV +4, RMsl) [demonic ancestry]
 15135 | Lair:1   | Reached XP level 13. HP: 79/79 MP: 28/28
 15796 | Lair:2   | Reached ****** piety under Makhleb
 15832 | Lair:1   | Reached skill level 13 in Conjurations
 16025 | Lair:2   | Found a staircase to the Snake Pit.
 17543 | Lair:4   | Found a staircase to the Shoals.
 17660 | Lair:4   | Found a shimmering altar of Xom.
 18249 | Lair:5   | Noticed Urug
 18262 | Lair:5   | Killed Urug
 19205 | Lair:6   | Entered Level 6 of the Lair of Beasts
 19212 | Lair:6   | Reached skill level 1 in Invocations
 19225 | Lair:5   | Reached XP level 14. HP: 67/85 MP: 1/30
 19287 | Lair:5   | Reached skill level 1 in Fighting
 19349 | Lair:5   | Reached skill level 14 in Conjurations
 19653 | Lair:6   | Identified a scroll of acquirement
 19661 | Lair:6   | Got a transparent chain mail
 19672 | Lair:6   | Identified the +0 chain mail of Tytu Xos {-Tele rPois Regen+ Dex-2} (You acquired it on level 6 of the Lair of Beasts)
 19762 | Lair:6   | Reached skill level 5 in Invocations
 20295 | Lair:6   | Found a staircase to the Slime Pits.
 20521 | Lair:6   | HP: 2/96 [death yak (16)]
 20529 | Lair:6   | Reached skill level 5 in Fighting
 21298 | Lair:6   | Got a scorched platinum ring
 21301 | Lair:6   | Identified the cursed ring of Cadwakk {rElec rF+ EV-3 Int-5 Slay+2} (You found it on level 6 of the Lair of Beasts)
 21560 | Orc:1    | Entered Level 1 of the Orcish Mines
 21706 | Orc:2    | Entered Level 2 of the Orcish Mines
 21717 | Orc:2    | Found Kimo's Armour Boutique.
 21730 | Orc:2    | Bought a +1 pair of boots of running for 365 gold pieces
 21766 | Orc:2    | Found a labyrinth entrance.
 21773 | Lab      | Entered a labyrinth
 22763 | Orc:2    | Found a staircase to the Elven Halls.
 23039 | Orc:2    | Reached skill level 10 in Invocations
 23056 | Orc:2    | Found Tuperuh's Antique Weapon Boutique.
 23056 | Orc:2    | Found Moczix's Armour Shoppe.
 23059 | Orc:2    | Found Yris's Magic Scroll Emporium.
 23073 | Orc:2    | Found Dicemiro's Assorted Antiques.
 23084 | Orc:2    | Bought a scroll of blinking for 82 gold pieces
 23084 | Orc:2    | Bought a scroll of identify for 22 gold pieces
 23089 | Orc:2    | Bought a glowing dark potion for 28 gold pieces
 23089 | Orc:2    | Bought a glowing helmet for 336 gold pieces
 23426 | Orc:1    | Noticed meatyocre's ghost (journeyman TrHu)
 23431 | Orc:1    | Killed meatyocre's ghost
 24086 | D:13     | Reached XP level 15. HP: 110/110 MP: 30/32
 24156 | D:13     | Gained mutation: You are clumsy. (Dex -2) [mutagenic meat]
 24583 | D:14     | Found Mael's Assorted Antiques.
 24622 | D:14     | Bought a scroll of identify for 42 gold pieces
 24655 | D:14     | Noticed a tengu reaver
 24656 | D:14     | Noticed a fire giant
 24913 | D:14     | Killed a tengu reaver
 25029 | D:14     | Found Nolydiog's Armour Boutique.
 25041 | D:14     | Found Olares's Magic Scroll Shoppe.
 25047 | D:14     | Bought a scroll of identify for 26 gold pieces
 25174 | D:14     | Found a gate to the Vaults.
 25289 | D:14     | Found Vusoopne's Gadget Boutique.
 25702 | D:13     | Reached skill level 1 in Bows
 25862 | Lair:1   | Got an opalescent robe
 25868 | Lair:1   | Identified the +0 robe of Leapfrog {*Drain rElec rPois Str+3} (You found it on level 1 of the Lair of Beasts)
 26589 | D:15     | Entered Level 15 of the Dungeon
 26638 | D:15     | Gained mutation: Your skin changes colour to match your surroundings (Stealth+). [mutagenic meat]
 26640 | D:15     | Gained mutation: You are frail. (-10% HP) [mutagenic meat]
 26641 | D:15     | Gained mutation: Your magical capacity is low. (-10% MP) [mutagenic meat]
 26642 | D:15     | Gained mutation: Scrolls take you a little longer to read. [mutagenic meat]
 26643 | D:15     | Lost mutation: You are frail. (-10% HP) [potion of cure mutation]
 26643 | D:15     | Lost mutation: Your magical capacity is low. (-10% MP) [potion of cure mutation]
 26643 | D:15     | Lost mutation: Scrolls take you a little longer to read. [potion of cure mutation]
 26647 | D:15     | Gained mutation: Your muscles are strong. (Str +2) [mutagenic meat]
 26648 | D:15     | Gained mutation: Armour fits poorly on your strangely shaped body. [mutagenic meat]
 26649 | D:15     | Gained mutation: You possess an exceptional clarity of mind. [mutagenic meat]
 26650 | D:15     | Lost mutation: You are clumsy. (Dex -2) [mutagenic meat]
 26715 | D:15     | Found a hide-covered altar of Uskayaw.
 26740 | D:15     | Noticed a frost giant
 26761 | D:15     | Killed a frost giant
 26810 | D:15     | Paralysed by a floating eye for 4 turns
 26823 | D:15     | Paralysed by a floating eye for 4 turns
 26826 | D:15     | Killed from afar by a vampire

Skill      XL: |  1  2  3  4  5  6  7  8  9 10 11 12 13 14 15 |
---------------+----------------------------------------------+-----
Fire Magic     | 3 4 5 6 8 9 10 11 13 | 13.0
Conjurations   | 2 3 4 5 6 8 9 11 12 13 14 | 14.0
Spellcasting   | 3 4 5 6 7 9 10 11 12 13 | 13.0
Invocations    | 2 10 12 | 12.9
Fighting       | 8 9 |  9.6
Bows           | 3 |  3.3
Dodging        | |  1.7
Stealth        | |  1.7

Action                   |  1- 3 |  4- 6 |  7- 9 | 10-12 | 13-15 || total
-------------------------+-------+-------+-------+-------+-------++-------
Melee: Unarmed           |    14 |       |       |       |       ||    14
       Short sword       |    25 |    10 |    26 |   387 |       ||   448
       Rapier            |       |       |    17 |       |       ||    17
       Shortbow          |       |       |     4 |       |       ||     4
       Dagger            |       |       |    26 |       |       ||    26
       Kick              |       |       |     7 |    81 |    62 ||   150
       Dire flail        |       |       |       |    66 |   380 ||   446
       Staff             |       |       |       |       |    26 ||    26
 Fire: Shortbow          |       |       |    32 |       |       ||    32
 Cast: Flame Tongue      |    74 |    78 |   200 |   338 |   160 ||   850
       Sticky Flame      |       |     3 |    52 |   138 |   208 ||   401
       Conjure Flame     |       |       |     3 |       |       ||     3
       Mephitic Cloud    |       |       |     2 |       |       ||     2
       Fireball          |       |       |       |    52 |   157 ||   209
Invok: Greater Servant o |       |       |       |       |     4 ||     4
Evoke: Wand              |       |       |       |     2 |     7 ||     9
  Use: Potion            |     1 |       |       |     4 |     2 ||     7
       Scroll            |       |       |     3 |    15 |    15 ||    33
 Stab: Sleeping          |     1 |       |     1 |     1 |       ||     3
       Distracted        |       |       |       |     4 |     1 ||     5
       Petrified         |       |       |       |       |     2 ||     2
  Eat: Chunk             |     3 |     5 |    23 |    28 |    58 ||   117
       Fruit             |       |       |       |     3 |       ||     3
       Beef jerky        |       |       |       |     3 |     2 ||     5
       Pizza             |       |       |       |     3 |       ||     3
       Royal jelly       |       |       |       |     1 |     3 ||     4
Armor: Skin              |     5 |       |       |    60 |       ||    65
       Robe              |     8 |    11 |    41 |    57 |    54 ||   171
       Troll leather arm |       |       |       |   187 |   139 ||   326
Dodge: Dodged            |    52 |    57 |   166 |   598 |   629 ||  1502
       Deflected         |       |       |       |       |    40 ||    40
Block: Other             |       |       |    13 |    41 |    35 ||    89
       Reflection        |       |       |     1 |     1 |     2 ||     4
